 Dungeon Crawl Stone Soup version 0.21.1-1-g345015f (webtiles) character file.

57784 Monsterracer the Scorcher (level 14, -2/68 HPs)
             Began as a Deep Elf Fire Elementalist on June 7, 2018.
             Was a High Priest of Vehumet.
             Shot with a bolt by an orc knight (32 damage)
             ... on level 2 of the Orcish Mines.
             The game lasted 00:47:06 (25090 turns).

Monsterracer the Scorcher (DEFE)                   Turns: 25090, Time: 00:47:06

Health: -2/68      AC: 10    Str:  7    XL:     14   Next: 47%
Magic:  7/48       EV: 13    Int: 26    God:    Vehumet [*****.]
Gold:   1856       SH:  0    Dex: 17    Spells: 8/39 levels left

rFire    + + .     SeeInvis .   a - staff of power {!a}
rCold    x x .     Gourm    .   (no shield)
rNeg     . . .     Faith    .   E - +2 robe {MR+}
rPois    .         Spirit   .   u - +2 helmet
rElec    .         Reflect  .   r - +1 cloak
rCorr    .         Harm     .   F - +0 pair of gloves
MR       +++..                  N - +0 pair of boots (curse)
Stlth    +++++.....             (no amulet)
HPRegen  0.21/turn              v - ring of fire
MPRegen  0.31/turn              l - ring of fire

@: no status effects
A: agile 1, deformed body, deterioration 1, magic resistance 1, strong 1,
evolution 1
a: Renounce Religion


You were on level 2 of the Orcish Mines.
You worshipped Vehumet.
Vehumet was extremely pleased with you.
You were hungry.

You visited 3 branches of the dungeon, and saw 20 of its levels.
You also visited: Sewer.

You collected 2009 gold pieces.
You spent 153 gold pieces at shops.

Inventory:

Missiles
 b - 4 throwing nets (quivered)
Armour
 o - a +2 leather armour of poison resistance
 r - a +1 cloak (worn)
 u - a +2 helmet (worn)
 A - a scarf of cloud immunity
 E - a +2 robe of magic resistance (worn)
 F - a +0 pair of gloves (worn)
 N - a cursed +0 pair of boots (worn)
 S - a +2 robe of cold resistance
 T - a +2 leather armour of fire resistance
Magical Staves
 a - an uncursed staff of power (weapon) {!a}
Jewellery
 l - a ring of fire (right hand)
 v - a ring of fire (left hand)
 D - a +3 ring of evasion
 I - an uncursed ring of ice
Wands
 g - a wand of acid (3)
 q - a wand of flame (33)
 s - a wand of scattershot (8)
 t - a wand of disintegration (40)
 w - a wand of iceblast (11)
 z - a wand of enslavement (22)
 B - a wand of paralysis (8)
 C - a wand of polymorph (21)
Scrolls
 h - 8 scrolls of remove curse
 i - 11 scrolls of teleportation
 n - 2 scrolls of amnesia
 x - 5 scrolls of magic mapping {!r}
 y - 2 scrolls of fog
 K - 9 scrolls of identify
 P - 3 scrolls of blinking
 R - a scroll of fear {!r}
Potions
 d - 4 potions of heal wounds
 e - 2 potions of ambrosia {!q}
 f - 3 potions of berserk rage {!q}
 j - 3 potions of resistance
 k - 2 potions of flight
 m - 7 potions of might
 p - 5 potions of haste
 G - 6 potions of curing
 H - a potion of invisibility
 L - 2 potions of lignification
 M - a potion of cancellation
 O - 3 potions of mutation {!q}
 Q - 2 potions of magic
Comestibles
 c - 26 rations
 J - 3 chunks of flesh


   Skills:
 - Level 2.4 Dodging
 - Level 10.0 Stealth
 + Level 13.1 Spellcasting
 * Level 15.1 Conjurations
 - Level 5.0 Charms
 * Level 15.4 Fire Magic
 - Level 5.0 Air Magic
 - Level 5.0 Earth Magic
 + Level 6.7 Evocations


You had 8 spell levels left.
You knew the following spells:

 Your Spells              Type           Power        Failure   Level  Hunger
a - Flame Tongue          Conj/Fire      #####        0%          1    None
b - Conjure Flame         Conj/Fire      ########     0%          3    None
c - Sticky Flame          Conj/Fire      ########     1%          4    None
d - Fireball              Conj/Fire      ########..   1%          5    ##.....
f - Shock                 Conj/Air       ####         1%          1    None
g - Mephitic Cloud        Conj/Pois/Air  ######..     1%          3    None
h - Bolt of Magma         Conj/Fire/Erth ########..   1%          5    ##.....
i - Ozocubu's Armour      Chrm/Ice       ####....     3%          3    None
j - Bolt of Fire          Conj/Fire      ########..   1%          6    #####..


Dungeon Overview and Level Annotations

Branches:
Dungeon (12/15)            Temple (0/1) D:5            Lair (6/6) D:9
 Shoals (0/4) Lair:2       Spider (0/4) Lair:4        Slime (0/5) Lair:6
    Orc (2/2) D:9             Elf (0/3) Orc:2

Altars:
Makhleb
Sif Muna
Vehumet
Zin
Beogh

Shops:
D:10 !


Innate Abilities, Weirdness & Mutations

You are agile. (Dex +2)
Armour fits poorly on your strangely shaped body.
Your body sometimes deteriorates upon taking damage.
You are resistant to hostile enchantments. (MR+)
Your muscles are strong. (Str +2)
You evolve.


Message History

Aiming: Fireball
Press: ? - help, Shift-Dir - straight line, f - orc knight, p - orc wizard
Aim: an orc knight, wielding a great sword and wearing a plate armour You feel a strong surge of power!
The fireball explodes!
The fireball engulfs the orc knight.
The orc knight is moderately wounded.
You hear a shout! x3
The orc wizard hits you but does no damage.
You now have 20/48 mp.
Casting: Fireball
Confirm with . or Enter, or press ? or * to list all spells.
Aiming: Sticky Flame
Press: ? - help, Shift-Dir - straight line, f/p - orc knight
Aim: an orc knight, wielding a great sword and wearing a plate armour (moderately wounded)
You feel a strong surge of power!
The sticky flame hits the orc knight.
The orc knight is heavily wounded.
The orc knight is covered in liquid flames!
The orc knight burns!
The orc wizard barely misses you.
The orc knight hits you with a great sword!!
You take 24 damage, and have 44/68 hp.
MASSIVE DAMAGE!!
You now have 16/48 mp.
Casting: Sticky Flame
Confirm with . or Enter, or press ? or * to list all spells.
Aiming: Fireball
Press: ? - help, Shift-Dir - straight line, f - you, p - orc knight You feel a strong surge of power!
That beam is likely to hit you.
Continue anyway?
The fireball explodes!
The fireball engulfs you! You resist.
* * * LOW HITPOINT WARNING * * *
The fireball engulfs the orc knight.
The orc knight is almost dead.
The fireball engulfs the orc warrior.
You kill the orc warrior!
Vehumet accepts your kill.
You feel your power returning.
The fireball engulfs the orc wizard.
You kill the orc wizard!
Vehumet accepts your kill.
You feel your power returning.
The orc knight burns!
The orc knight hits you with a great sword.
* * * LOW HITPOINT WARNING * * *
An orc sorcerer comes into view. It is wielding a dagger.
You take 18 damage, and have 26/68 hp.
MASSIVE DAMAGE!!
You now have 14/48 mp.
Casting: Fireball
Confirm with . or Enter, or press ? or * to list all spells.
Aiming: Fireball
Press: ? - help, Shift-Dir - straight line You feel a strong surge of power!
The fireball explodes!
The fireball engulfs the orc sorcerer.
You kill the orc sorcerer!
Vehumet accepts your kill.
The orc knight burns!
The orc knight barely misses you.
You now have 9/48 mp.
The orc knight burns!
An orc priest comes into view. It is wielding a hand axe.
Things that are here:
a dagger; a robe
Casting: Fireball
Confirm with . or Enter, or press ? or * to list all spells.
Aiming: Fireball
Press: ? - help, Shift-Dir - straight line You feel a strong surge of power!
The fireball explodes!
The fireball engulfs the orc priest.
You kill the orc priest!
Vehumet accepts your kill.
You hear a shout!
The orc knight burns!
You kill the orc knight!
Vehumet accepts your kill.
You feel your power returning.
An orc priest and an orc knight come into view.
The orc priest is wielding a flail of venom.
You now have 5/48 mp.
Casting: Fireball
Confirm with . or Enter, or press ? or * to list all spells.
Aiming: Fireball
Press: ? - help, Shift-Dir - straight line, f - orc knight
Aim: an orc knight, wielding a broad axe and wearing a chain mail (lightly wounded)
You feel a strong surge of power!
The fireball explodes!
The fireball engulfs the orc knight.
The orc knight is heavily wounded.
Vehumet accepts your kill.
You feel your power returning.
You feel a bit more experienced.
The fireball engulfs the orc priest.
You kill the orc priest!
Vehumet accepts your kill.
You feel your power returning.
You are feeling hungry.
You hear a shout!
The orc knight roars a battlecry!
You hear a shout!
You now have 3/48 mp.
The orc knight unwields an uncursed broad axe.
The orc knight wields an arbalest.
The orc knight shoots a bolt.
The bolt misses you.
An orc sorcerer comes into view. It is wielding a dagger.
Things that are here:
a great sword; a plate armour The orc knight shoots a bolt.
The bolt misses you.
You see here a bolt.
The orc knight shoots a bolt.
The bolt hits you!!
You die...

.#...............................
.##..............................
##...............................
#................................
.#.......#.......................
##........##.#...................
##..#............................
#...##(....).....................
##.# ##(...[..).@................
## #.......)...................
##...############o##########
##...# ######.###### ##.##
#.........(o### ###
...####.####.).## #.# ###.)## #.#
##).# #.# ##.#


You could see an orc knight.

Vanquished Creatures
  Josephine (Orc:2)
  A fire dragon (Lair:6)
  The ghost of anotherperson the Basher, a journeyman GrFi of Okawaru (D:12)
  8 hydras
  Fannar (Lair:2)
  Erica (D:8)
  6 two-headed ogres
  3 orc high priests (Orc:2)
  A fire crab (Lair:6)
  An unseen horror (D:11)
  Pikel (D:8)
  2 orc knights (Orc:2)
  A cyclops (Orc:2)
  An ugly thing (D:11)
  A manticore (D:10)
  3 orc sorcerers (Orc:2)
  8 elephants (Lair:6)
  A merfolk siren (Lair:2)
  8 black mambas
  2 molten gargoyles (Lair:6)
  8 spiny frogs
  A gargoyle (D:11)
  A centaur skeleton (D:10)
  A rime drake (Lair:6)
  7 komodo dragons
  A polar bear (Lair:3)
  4 jumping spiders (Lair:4)
  3 blink frogs (Lair:1)
  3 trolls
  A dream sheep (Lair:6)
  7 hippogriffs
  5 wraiths
  A shadow (D:11)
  6 basilisks
  41 yaks
  6 wyverns
  Grum (D:8)
  2 hungry ghosts
  3 steam dragons (Lair:6)
  4 hell hounds (Lair:6)
  13 water moccasins
  12 porcupines
  An ice beast (D:9)
  7 sky beasts
  2 black bears
  4 phantoms
  An eye of draining (D:7)
  28 orc warriors
  3 slaves (D:8)
  8 wolves
  5 ogres
  5 centaurs
  11 crocodiles
  A big kobold (D:10)
  12 bullfrogs
  A wyvern skeleton (D:11)
  2 scorpions
  15 killer bees
  3 wights (D:10)
  5 howler monkeys
  An electric eel (Lair:2)
  7 jellies
  7 crimson imps
  4 bullfrog zombies
  5 lava snakes (Lair:6)
  3 centaur zombies
  25 orc priests
  5 hounds
  18 orc wizards
  A bullfrog skeleton (D:10)
  A gnoll shaman (D:9)
  Jessica (D:5)
  2 iguanas
  2 hell rats (Lair:6)
  7 worker ants
  A hound zombie (D:7)
  A worker ant zombie (D:10)
  5 gnolls (D:9)
  16 adders
  2 river rats (Lair:6)
  16 oozes
  An adder zombie (D:8)
  A worm (D:5)
  A dart slug (D:1)
  22 leopard geckos
  93 orcs
  18 giant cockroaches
  8 goblins
  6 hobgoblins
  8 jackals
  8 quokkas
  11 ball pythons (Sewer)
  5 bats
  13 frilled lizards
  19 kobolds
  10 rats
  3 fungi (Lair:6)
  A plant (Lair:2)
655 creatures vanquished.

Vanquished Creatures (others)
  13 fungi
  8 plants
21 creatures vanquished.

Grand Total: 676 creatures vanquished

Notes
Turn   | Place    | Note
-------+----------+-------------------------------------------
     0 | D:1      | Monsterracer the Deep Elf Fire Elementalist began the quest for the Orb.
     0 | D:1      | Reached XP level 1. HP: 10/10 MP: 6/6
   112 | D:1      | Reached XP level 2. HP: 15/15 MP: 5/8
   320 | D:1      | HP: 7/15 [ooze (4)]
   707 | D:1      | Reached XP level 3. HP: 16/19 MP: 2/9
   952 | D:1      | Learned a level 3 spell: Conjure Flame
  1922 | D:2      | Reached XP level 4. HP: 24/24 MP: 7/11
  1968 | D:2      | Learned a level 4 spell: Sticky Flame
  2743 | D:3      | Reached XP level 5. HP: 22/28 MP: 6/13
  3255 | D:4      | Reached skill level 5 in Fire Magic
  3467 | D:4      | HP: 5/28 [acid (10)]
  3739 | D:4      | Reached XP level 6. HP: 25/32 MP: 7/14
  3746 | D:4      | Learned a level 5 spell: Fireball
  3843 | D:4      | Found a radiant altar of Vehumet.
  3854 | D:4      | Became a worshipper of Vehumet
  4341 | D:5      | Entered Level 5 of the Dungeon
  4440 | D:5      | Noticed Jessica
  4447 | D:5      | Found a deep blue altar of Sif Muna.
  4457 | D:5      | Killed Jessica
  4719 | D:5      | Found a staircase to the Ecumenical Temple.
  4719 | D:5      | Noticed a sky beast
  4726 | D:5      | Killed a sky beast
  4726 | D:5      | Reached skill level 5 in Spellcasting
  4726 | D:5      | Reached skill level 5 in Conjurations
  4739 | D:5      | Reached XP level 7. HP: 32/36 MP: 4/16
  4839 | D:5      | Found a glowing drain.
  4870 | Sewer    | Entered a sewer
  4912 | Sewer    | Reached * piety under Vehumet
  4912 | Sewer    | Offered knowledge of Shock by Vehumet.
  4956 | Sewer    | Learned a level 1 spell: Shock
  5141 | Sewer    | Reached ** piety under Vehumet
  5146 | Sewer    | Offered knowledge of Sting by Vehumet.
  5531 | D:6      | Offered knowledge of Mephitic Cloud by Vehumet.
  5531 | D:6      | Reached XP level 8. HP: 41/41 MP: 13/19
  5598 | D:6      | Learned a level 3 spell: Mephitic Cloud
  5927 | D:6      | Reached *** piety under Vehumet
  6037 | D:6      | Reached skill level 1 in Air Magic
  6099 | D:6      | Noticed a two-headed ogre
  6119 | D:6      | Killed a two-headed ogre
  6119 | D:6      | Reached XP level 9. HP: 42/45 MP: 9/21
  6482 | D:6      | Offered knowledge of Airstrike by Vehumet.
  7773 | D:8      | Reached **** piety under Vehumet
  7789 | D:8      | Reached skill level 10 in Fire Magic
  7943 | D:8      | Offered knowledge of Irradiate by Vehumet.
  8055 | D:8      | Noticed Erica
  8066 | D:8      | HP: 18/45 [something (12)]
  8069 | D:8      | Killed Erica
  8069 | D:8      | Reached skill level 10 in Conjurations
  8069 | D:8      | Reached XP level 10. HP: 18/50 MP: 5/24
  8443 | D:8      | Noticed a two-headed ogre
  8461 | D:8      | Killed a two-headed ogre
  8569 | D:8      | Found a burning altar of Makhleb.
  8632 | D:8      | Noticed Pikel
  8640 | D:8      | Killed Pikel
  8800 | D:8      | Noticed Grum
  8810 | D:8      | Killed Grum
  9449 | D:9      | HP: 25/50 [centaur zombie (5)]
  9454 | D:9      | HP: 18/50 [killer bee (4)]
  9454 | D:9      | HP: 5/50 [bullfrog (7)]
  9459 | D:8      | HP: 24/50 [poisoned by a killer bee]
  9464 | D:8      | HP: 17/50 [poisoned by a killer bee]
  9471 | D:8      | HP: 16/50 [poisoned by a killer bee]
  9479 | D:8      | HP: 15/50 [poisoned by a killer bee]
  9736 | D:9      | Reached skill level 10 in Spellcasting
  9737 | D:9      | Reached ***** piety under Vehumet
  9801 | D:9      | Offered knowledge of Force Lance by Vehumet.
  9821 | D:9      | HP: 25/50 [poisoned by a worker ant]
  9826 | D:9      | HP: 22/50 [poisoned by a worker ant]
  9831 | D:9      | HP: 20/50 [poisoned by a worker ant]
  9836 | D:9      | HP: 19/50 [poisoned by a worker ant]
  9843 | D:9      | HP: 18/50 [poisoned by a worker ant]
  9851 | D:9      | HP: 17/50 [poisoned by a worker ant]
 10063 | D:9      | Reached XP level 11. HP: 54/54 MP: 21/27
 10144 | D:9      | HP: 27/54 [orc priest/divine providence (10)]
 10845 | D:9      | Found a staircase to the Lair.
 10935 | D:9      | Found a staircase to the Orcish Mines.
 10996 | Lair:1   | Entered Level 1 of the Lair of Beasts
 11092 | Lair:1   | Noticed a four-headed hydra
 11098 | Lair:1   | Killed a four-headed hydra
 11127 | Lair:1   | Reached skill level 5 in Stealth
 11592 | Lair:1   | HP: 27/54 [black mamba (16)]
 11593 | Lair:1   | HP: 6/54 [black mamba (9)]
 11597 | Lair:1   | Gained mutation: Your body sometimes deteriorates upon taking damage. [potion of mutation]
 11597 | Lair:1   | Gained mutation: You evolve. [potion of mutation]
 11597 | Lair:1   | Gained mutation: You are resistant to hostile enchantments. (MR+) [potion of mutation]
 11598 | Lair:1   | HP: 26/81 [poisoned by a black mamba]
 11603 | Lair:1   | HP: 19/81 [poisoned by a black mamba]
 11608 | Lair:1   | HP: 15/81 [poisoned by a black mamba]
 11614 | Lair:1   | HP: 12/81 [poisoned by a black mamba]
 11620 | Lair:1   | HP: 10/81 [poisoned by a black mamba]
 11626 | Lair:1   | HP: 9/81 [poisoned by a black mamba]
 11634 | Lair:1   | HP: 9/81 [poisoned by a black mamba]
 12312 | Lair:1   | Noticed a six-headed hydra
 12328 | Lair:1   | HP: 21/54 [six-headed hydra (9)]
 12330 | Lair:1   | Killed a six-headed hydra
 12330 | Lair:1   | Reached skill level 5 in Air Magic
 13000 | Lair:2   | Noticed Fannar
 13003 | Lair:2   | Killed Fannar
 13003 | Lair:2   | Reached skill level 1 in Evocations
 13003 | Lair:2   | Reached XP level 12. HP: 36/59 MP: 20/29
 13098 | Lair:2   | Offered knowledge of Bolt of Magma by Vehumet.
 13105 | Lair:2   | Learned a level 5 spell: Bolt of Magma
 13274 | Lair:2   | Found a staircase to the Shoals.
 13525 | Lair:2   | Reached skill level 1 in Earth Magic
 13769 | Lair:2   | Got a transparent dagger
 13789 | Lair:2   | Identified the cursed +1 dagger of Purpose {drain, +Blink rN+ Str-3 Dex+2} (You found it on level 2 of the Lair of Beasts)
 14406 | Lair:3   | HP: 29/59 [poisoned by a spiny frog]
 14411 | Lair:3   | HP: 27/59 [poisoned by a spiny frog]
 14416 | Lair:3   | HP: 26/59 [poisoned by a spiny frog]
 14423 | Lair:3   | HP: 25/59 [poisoned by a spiny frog]
 14431 | Lair:3   | HP: 25/59 [poisoned by a spiny frog]
 15304 | Lair:3   | Gained mutation: You are agile. (Dex +2) [evolution]
 15524 | Lair:4   | Found a hole to the Spider Nest.
 16551 | Lair:6   | Entered Level 6 of the Lair of Beasts
 16551 | Lair:6   | Noticed a seven-headed hydra
 16564 | Lair:5   | HP: 13/59 [black mamba (18)]
 16779 | Lair:6   | Reached XP level 13. HP: 45/63 MP: 18/30
 16906 | Lair:6   | Learned a level 3 spell: Ozocubu's Armour
 17083 | Lair:6   | Gained mutation: Armour fits poorly on your strangely shaped body. [evolution]
 17110 | Lair:6   | HP: 29/63 [komodo dragon (23)]
 17160 | Lair:6   | Offered knowledge of Conjure Ball Lightning by Vehumet.
 17167 | Lair:6   | HP: 24/63 [black mamba (11)]
 17553 | Lair:6   | Reached skill level 1 in Charms
 18022 | Lair:6   | Reached skill level 5 in Evocations
 18095 | Lair:6   | Found a staircase to the Slime Pits.
 18588 | Lair:6   | HP: 31/63 [molten gargoyle/bolt of magma (22)]
 18599 | Lair:6   | HP: 18/63 [molten gargoyle/bolt of magma (15)]
 18933 | Lair:6   | Noticed a fire dragon
 19176 | Lair:6   | Found a large runed door.
 19177 | Lair:6   | Found a large runed door.
 19291 | Lair:6   | Killed a fire dragon
 19612 | D:10     | Entered Level 10 of the Dungeon
 19620 | D:10     | Found Ujaomiocs's Distillery.
 19625 | D:10     | Bought a potion of curing for 51 gold pieces
 19625 | D:10     | Bought a potion of curing for 51 gold pieces
 19625 | D:10     | Bought a potion of curing for 51 gold pieces
 19683 | D:10     | Reached skill level 5 in Earth Magic
 20294 | D:10     | Gained mutation: Your muscles are strong. (Str +2) [evolution]
 20373 | D:10     | HP: 22/63 [manticore/volley of spikes (17)]
 20403 | D:10     | HP: 21/63 [bounced beam (6)]
 20945 | D:11     | HP: 16/63 [gargoyle/stone arrow (21)]
 21205 | D:11     | HP: 31/63 [poisoned by a green ugly thing]
 21211 | D:11     | HP: 28/63 [poisoned by a green ugly thing]
 21218 | D:11     | HP: 27/63 [poisoned by a green ugly thing]
 21225 | D:11     | HP: 26/63 [poisoned by a green ugly thing]
 21233 | D:11     | HP: 26/63 [poisoned by a green ugly thing]
 21442 | D:11     | Found a glowing silver altar of Zin.
 21917 | D:11     | Reached XP level 14. HP: 68/68 MP: 32/32
 22420 | D:12     | Offered knowledge of Bolt of Fire by Vehumet.
 22589 | D:12     | HP: 30/68 [four-headed hydra (7)]
 22790 | D:12     | Learned a level 6 spell: Bolt of Fire
 22984 | D:12     | Reached skill level 15 in Fire Magic
 23234 | D:12     | Noticed anotherperson's ghost (journeyman GrFi)
 23237 | D:12     | Killed anotherperson's ghost
 23237 | D:12     | Reached skill level 5 in Charms
 23746 | Orc:1    | Entered Level 1 of the Orcish Mines
 24098 | Orc:2    | Entered Level 2 of the Orcish Mines
 24350 | Orc:2    | Found a staircase to the Elven Halls.
 24476 | Orc:2    | Found a roughly hewn altar of Beogh.
 24633 | Orc:2    | Noticed Josephine
 24637 | Orc:2    | Killed Josephine
 24931 | Orc:2    | Reached skill level 10 in Stealth
 25054 | Orc:2    | Reached skill level 15 in Conjurations
 25071 | Orc:2    | HP: 32/68 [suicidal targeting (12)]
 25090 | Orc:2    | Shot with a bolt by an orc knight

Skill      XL: |  1  2  3  4  5  6  7  8  9 10 11 12 13 14 |
---------------+-------------------------------------------+-----
Conjurations   | 2 3 4 5 6 8 10 11 12 13 14 15 | 15.1
Fire Magic     | 4 5 6 7 8 10 11 12 13 14 15 | 15.4
Spellcasting   | 4 5 6 7 8 10 11 12 13 | 13.1
Air Magic      | 2 3 5 |  5.0
Stealth        | 3 6 8 9 10 | 10.0
Evocations     | 1 4 5 6 |  6.7
Earth Magic    | 3 5 |  5.0
Charms         | 4 5 |  5.0
Dodging        | |  2.4

Action                   |  1- 3 |  4- 6 |  7- 9 | 10-12 | 13-15 || total
-------------------------+-------+-------+-------+-------+-------++-------
Melee: Unarmed           |     1 |       |       |       |       ||     1
       Dagger            |       |     4 |     2 |       |       ||     6
       Falchion          |       |       |     9 |       |       ||     9
       Scimitar          |       |       |       |     7 |       ||     7
       Staff             |       |       |       |       |     1 ||     1
 Cast: Flame Tongue      |    63 |    96 |   237 |   328 |   326 ||  1050
       Sticky Flame      |       |     3 |    11 |    30 |    35 ||    79
       Conjure Flame     |       |     1 |     2 |     7 |     3 ||    13
       Shock             |       |       |    32 |    27 |     6 ||    65
       Fireball          |       |       |     5 |    68 |    87 ||   160
       Mephitic Cloud    |       |       |     1 |       |       ||     1
       Bolt of Magma     |       |       |       |     8 |    49 ||    57
       Ozocubu's Armour  |       |       |       |       |     4 ||     4
       Bolt of Fire      |       |       |       |       |     8 ||     8
  Use: Scroll            |       |     8 |     8 |     8 |     3 ||    27
       Potion            |       |       |       |     6 |       ||     6
 Stab: Sleeping          |       |       |     1 |       |       ||     1
  Eat: Chunk             |     3 |     9 |    10 |    30 |    23 ||    75
       Ration            |       |       |     1 |     2 |     4 ||     7
Armor: Robe              |     1 |     1 |       |    32 |    38 ||    72
       Leather armour    |       |     6 |    39 |    19 |       ||    64
Dodge: Dodged            |    25 |    31 |    57 |   113 |    57 ||   283
       Rpst.: Falchion   |       |       |    15 |       |       ||    15
       Scimitar          |       |       |       |    23 |       ||    23

Vault maps used:
D:1:      erik_arrival_gehennom
D:4:      mrwooster_statue_mirror, hangedman_decor_lopped, vehumet_altar_wand_db
D:5:      tgw_sif, minmay_temple_entry_statues_fountains, first_ration,
          gup_sewer_entry_bowl
D:7:      kennysheep_orc_sif_temple, kennysheep_mini_moat
D:8:      basic_altar, uniq_erica, uniq_pikel, uniq_grum
D:9:      grunt_lair_entry_orc_guard_hut
D:10:     serial_shops, shop
D:11:     basic_altar
Lair:2:   minmay_shoals_entry_lonely_mermaid, nicolae_quartered_pool_little,
          uniq_fannar
Lair:4:   spider_nest_entry_a
Lair:5:   grunt_megastairs_4
Lair:6:   cheibrodos_lair_end_hotspot, minmay_slime_entry_pillars,
          kennysheep_abandoned_house
Orc:2:    st_orc_elflike, minmay_orc_temple_c, uniq_josephine
Sewer:    sewer_frog_island_02
